 Dungeon Crawl Stone Soup version 0.27.0-65-ge2af304b15 (webtiles) character file.

Game seed: 16823086942410653910

4 funkygono the Firebug (level 1, -1/10 HPs)
             Began as a Gargoyle Fire Elementalist on Aug 19, 2021.
             Slain by a jackal (2 damage)
             ... on level 1 of the Dungeon.
             The game lasted 00:00:35 (282 turns).

funkygono the Firebug (Gargoyle Fire Elementalist)   Turns: 282, Time: 00:00:36

Health: -1/10      AC:  4    Str: 11    XL:     1   Next: 60%
Magic:  3/3        EV: 11    Int: 15    God:
Gold:   0          SH:  0    Dex: 10    Spells: 3/4 levels left

rFire    . . .     SeeInvis .   (no weapon)
rCold    . . .     Faith    .   (no shield)
rNeg     + . .     Spirit   .   a - +0 robe
rPois    ∞         Reflect  .   (no helmet)
rElec    +         Harm     .   (no cloak)
rCorr    .         Rampage  .   (no gloves)
Will     .....                  (no boots)
Stlth    ++........             (no amulet)
HPRegen  0.03/turn              (no ring)
MPRegen  0.08/turn              (no ring)

@: no status effects
A: sickness immunity, AC +2, negative energy resistance 1, electricity
resistance, torment resistance 1, petrification resistance
a: no special abilities


You were on level 1 of the Dungeon.
You visited 1 branch of the dungeon, and saw 1 of its levels.

Inventory:

Missiles
 b - 22 stones
Armour
 a - a +0 robe (worn)
Potions
 c - a potion of curing {unknown}


   Skills:
 + Level 1.5 Dodging
 - Level 2.1 Stealth
 + Level 2.1 Spellcasting
 + Level 1.1 Conjurations
 + Level 3.2 Fire Magic


You had 3 spell levels left.
You knew the following spells:

 Your Spells              Type           Power      Damage    Failure   Level
a - Foxfire               Conj/Fire      32%        2x1d5     9%          1

Your spell library contained the following spells:

 Spells                   Type           Power      Damage    Failure   Level
 Conjure Flame            Conj/Fire      8%         6-21      26%         3
 Inner Flame              Hex/Fire       6%         N/A       34%         3
 Sticky Flame             Conj/Fire      8%         2d3       65%         4
 Fireball                 Conj/Fire      4%         3d4       94%         5


Dungeon Overview and Level Annotations

Branches:
Dungeon (1/15)

Altars:


Innate Abilities, Weirdness & Mutations

You are immune to sickness and miasma.
Your stone body is resilient. (AC +2)
You are immune to poison.
You resist negative energy. (rN+)
You are resistant to electric shocks. (rElec)
You are resistant to unholy torment.
You are immune to petrification.


Message History

The jackal misses you. The jackal barely misses you.
You closely miss the jackal. The jackal barely misses you.
The jackal closely misses you.
You closely miss the jackal.
The jackal bites you but does no damage.
The jackal closely misses you.
The jackal bites you but does no damage.
You closely miss the jackal. The jackal closely misses you.
The jackal misses you.
You closely miss the jackal. The jackal barely misses you.
The jackal bites you but does no damage. x2
You hit the jackal.
The jackal is moderately wounded.
The jackal misses you. The jackal closely misses you.
The jackal completely misses you.
You completely miss the jackal.
The jackal is moderately wounded.
The jackal closely misses you.
The jackal bites you but does no damage.
The jackal closely misses you.
You hit the jackal but do no damage.
The jackal is moderately wounded.
The jackal bites you. x2
* * * LOW HITPOINT WARNING * * *
The jackal bites you.
* * * LOW HITPOINT WARNING * * *
You hit the jackal but do no damage.
The jackal is moderately wounded.
The jackal closely misses you. The jackal bites you.
* * * LOW HITPOINT WARNING * * *
You barely miss the jackal.
The jackal is moderately wounded.
The jackal completely misses you. The jackal barely misses you.
The jackal bites you but does no damage.
You closely miss the jackal.
The jackal is moderately wounded.
The jackal bites you but does no damage.
The jackal bites you.
You die...

#####.#.######.#.#.#
..#....#.# #.#.#h†..#.#.#.#
#####.....#.
#.#.#.##.#h#.#.####.....†.†..
#.#.#.##h..#.#....#.#########
#.#.#h####.#.####.#.#
#.#.#h######.####.#.#
#.#.#...h.........#.#
#.#.########h######.#
#.#........h@# #.#
#.############ #.# #.# #.#
#.# #.# #.# #.#
#.#################.#
#...................#
#.################### ###


You could see 2 jackals.

Vanquished Creatures
  A ball python (D:1)
  A hobgoblin (D:1)
  A jackal (D:1)
3 creatures vanquished.

Vanquished Creatures (others)
  5 foxfires (D:1)
5 creatures vanquished.

Grand Total: 8 creatures vanquished

Notes
Turn   | Place    | Note
-------+----------+-------------------------------------------
     0 | D:1      | funkygono the Gargoyle Fire Elementalist began the quest
                  | for the Orb.
     0 | D:1      | Reached XP level 1. HP: 10/10 MP: 3/3
   282 | D:1      | Slain by a jackal

Illustrated notes

Levels and vault maps discovered:
D:1:      dpeg_arrival_lava_temple_mockup, layout_basic,
          ebering_ecumenical_altar_webs

Action                   || total
-------------------------++-------
Melee: Unarmed           ||    10
 Cast: Foxfire           ||     5
Armor: Robe              ||    13
Dodge: Dodged            ||    25
